 Dungeon Crawl Stone Soup version 0.20.0 (webtiles) character file.

101 aesoa the Skirmisher (level 4, -3/35 HPs)
             Began as an Octopode Monk on June 22, 2017.
             Slain by an orc
             ... wielding a +0 club
              (5 damage)
             ... on level 3 of the Dungeon.
             The game lasted 00:03:41 (1393 turns).

aesoa the Skirmisher (Octopode Monk)                Turns: 1393, Time: 00:03:41

Health: -3/35      AC:  1    Str: 10    XL:     4   Next: 75%
Magic:  4/4        EV: 14    Int: 12    God:
Gold:   102        SH:  0    Dex: 15    Spells: 3/3 levels left

rFire    . . .     SeeInvis .   a - +0 falchion
rCold    . . .     Gourm    .   (no shield)
rNeg     . . .     Faith    .   (helmet restricted)
rPois    .         Spirit   .   (no amulet)
rElec    .         Reflect  .   (no ring)
rCorr    .         Harm     .   (no ring)
MR       .....                  (no ring)
Stlth    +++.......             (no ring)
Regen    0.2/turn               (no ring)
MPRegen  0.1/turn               (no ring)
                                (no ring)
                                (no ring)

@: no status effects
A: almost no armour, stealthy swim, amphibious, 8 rings, constrict 8, camouflage
1, gelatinous body 1
a: no special abilities


You were on level 3 of the Dungeon.
You were hungry.

You visited 1 branch of the dungeon, and saw 3 of its levels.

You collected 102 gold pieces.

Inventory:

Hand Weapons
 a - a +0 falchion (weapon)
Jewellery
 q - an uncursed ring of protection from fire {unknown}
Scrolls
 c - 2 scrolls of teleportation {unknown}
 d - a scroll of magic mapping {unknown}
 h - a scroll of enchant armour {unknown}
 j - 2 scrolls of identify {unknown}
 l - a scroll of remove curse {unknown}
 p - a scroll of fog {unknown}
Potions
 e - a potion of haste {unknown}
 f - a potion of curing {unknown}
 i - a potion of lignification {unknown}
 k - a potion of brilliance {unknown}
 n - a potion of cancellation {unknown}
 o - a potion of flight {unknown}
Comestibles
 b - 2 bread rations
 g - a royal jelly


   Skills:
 + Level 5.3 Fighting
 - Level 3.0 Long Blades
 - Level 3.0 Dodging
 - Level 2.6 Stealth


You had 3 spell levels left.
You didn't know any spells.

Dungeon Overview and Level Annotations

Branches:
Dungeon (3/15)

Altars:
Gozag


Innate Abilities, Weirdness & Mutations

You cannot wear most types of armour.
You are very stealthy in the water. (Stealth+)
You are amphibious.
You can wear up to eight rings at the same time.
You can use your tentacles to constrict eight enemies at once.
Your skin changes colour to match your surroundings (Stealth+).
Your rubbery body absorbs attacks. (AC +1, EV +1)


Message History

You slash the orc!
You kill the orc!
The giant cockroach bites you.
* * * LOW HITPOINT WARNING * * *
The giant cockroach bites you.
* * * LOW HITPOINT WARNING * * *
The orc hits you but does no damage.
You hit the orc. Your grab misses the orc.
The orc is lightly wounded.
The giant cockroach bites you.
* * * LOW HITPOINT WARNING * * *
The orc hits you with a club.
* * * LOW HITPOINT WARNING * * *
Unknown command.
You hit the giant cockroach. Your grab misses the giant cockroach.
The giant cockroach is severely wounded.
The giant cockroach bites you.
* * * LOW HITPOINT WARNING * * *
The orc hits you with a club.
You die...

.
#.#########
.......<..#
##.....(.<#
#.....@..#
#....os).#
##.......#
#...<...#
#.......#
#########


You could see an orc and a giant cockroach.

Vanquished Creatures
  An orc priest (D:3)
  2 adders (D:2)
  An ooze (D:1)
  A worm (D:2)
  A dart slug (D:1)
  A leopard gecko (D:1)
  An orc (D:3)
  3 bats (D:1)
  A giant cockroach (D:1)
  4 goblins
  5 hobgoblins (D:1)
  2 jackals (D:1)
  A quokka (D:2)
  3 frilled lizards
  10 kobolds
  7 rats
44 creatures vanquished.

Notes
Turn   | Place    | Note
-------+----------+-------------------------------------------
     0 | D:1      | aesoa the Octopode Monk began the quest for the Orb.
     0 | D:1      | Reached XP level 1. HP: 16/16 MP: 1/1
    78 | D:1      | Reached XP level 2. HP: 15/21 MP: 2/2
   215 | D:1      | Reached skill level 4 in Fighting
   258 | D:1      | Reached XP level 3. HP: 26/27 MP: 3/3
   987 | D:2      | Reached XP level 4. HP: 29/34 MP: 4/4
  1041 | D:2      | Found an opulent altar of Gozag.
  1390 | D:3      | Reached skill level 5 in Fighting
  1393 | D:3      | Slain by an orc

Skill      XL: |  1  2  3  4 |
---------------+-------------+-----
Fighting       | 4 5 |  5.3
Long Blades    | |  3.0
Dodging        | |  3.0
Stealth        | |  2.6

Action                   |  1- 3 |  4- 6 || total
-------------------------+-------+-------++-------
Melee: Falchion          |    59 |    18 ||    77
       Constrict         |    17 |     3 ||    20
       Tentacles         |     9 |     5 ||    14
 Stab: Sleeping          |    11 |     4 ||    15
  Eat: Chunk             |       |     1 ||     1
Armor: Skin              |     4 |     1 ||     5
Dodge: Dodged            |    43 |    12 ||    55
       Rpst.: Falchion   |    14 |     4 ||    18
